 Dungeon Crawl Stone Soup version 0.16-a0-253-g996e5b4 (webtiles) character file.

68700 KaKa the Conjurer (level 14, -2/108 HPs)
             Began as a Mummy Conjurer on Aug 23, 2014.
             Was the Champion of Sif Muna.
             Slain by a sixfirhy (8 damage)
             ... summoned by an orc high priest
             ... on Level 4 of the Orcish Mines.
             The game lasted 03:23:53 (25803 turns).

KaKa the Conjurer (Mummy Conjurer)                 Turns: 25803, Time: 03:23:54

HP  -2/108       AC 12     Str 13      XL: 14   Next: 87%
MP   3/32        EV 14     Int 23      God: Sif Muna [******]
Gold 1072        SH  5     Dex 12      Spells:  9 memorised,  4 levels left

rFire  + . .     SeeInvis +     J - +9 flail "Rar Omn" {crush, rF++ rN+ SInv Stlth-}
rCold  + . .     Clarity  +     B - +0 troll leather armour
rNeg   + + +     rCorr    .     E - +0 buckler
rPois  +         rRot     +     i - +2 helmet {SInv}
rElec  .         Spirit   .     o - +1 cloak
SustAb .         Warding  .     r - +1 pair of gloves of Fror Uga {+Blink Int+2}
rMut   .         Stasis   .     (no boots)
Gourm  .                        p - amulet of clarity
MR     ++...                    L - ring "Kaqun" {Str+2 Int+3 Slay+2}
                                n - ring of protection from magic

@: very slightly contaminated, repel missiles, very resistant to hostile
enchantments, very unstealthy
A: no food or potions, fire vulnerability, in touch with death, restore body,
cold resistance 1, negative energy resistance 3, poison resistance, torment
resistance, unbreathing
a: Self-Restoration, Channel Energy, Forget Spell, Renounce Religion, Evoke
Blink


You were on level 4 of the Orcish Mines.
You worshipped Sif Muna.
Sif Muna was exalted by your worship.
You were not hungry.

You visited 4 branches of the dungeon, and saw 22 of its levels.
You also visited: Labyrinth, Ossuary and Volcano.

You collected 1999 gold pieces.
You spent 927 gold pieces at shops.

Inventory:

Hand weapons
 J - the +9 flail "Rar Omn" (weapon) {crush, rF++ rN+ SInv Stlth-}
   (You found it on level 7 of the Lair of Beasts)

   It inflicts extra damage upon your enemies.
   It greatly protects you from fire.
   It protects you from negative energy.
   It enhances your eyesight.
   It makes you less stealthy.
Missiles
 a - 8 javelins (quivered)
 b - 4 javelins of penetration
 W - 3 javelins of returning
Armour
 i - a +2 helmet of see invisible (worn)
 o - a +1 cloak (worn)
 r - the +1 pair of gloves of Fror Uga (worn) {+Blink Int+2}
   (You bought it in a shop on level 5 of the Dungeon)

   It affects your intelligence (+2).
   It lets you blink.
 s - a +2 robe of fire resistance
 w - a +2 leather armour of fire resistance
 B - a +0 troll leather armour (worn)
 E - a +0 buckler (worn)
Magical devices
 g - a wand of cold (7)
 l - a wand of disintegration (14)
 q - a wand of cold (8)
 H - a wand of disintegration (20)
 K - a wand of draining (4)
 S - a wand of fire (6)
Scrolls
 e - 3 scrolls of enchant armour
 h - 2 scrolls of fog
 j - 10 scrolls of identify
 m - a scroll of remove curse
 v - 3 scrolls of magic mapping
 x - 4 scrolls of recharging
 G - a scroll of torment {unknown}
 U - 2 scrolls of amnesia
 V - a scroll of silence
Jewellery
 f - an uncursed ring of fire
 n - a ring of protection from magic (left hand)
 p - an amulet of clarity (around neck)
 u - an uncursed ring of flight
 L - the ring "Kaqun" (right hand) {Str+2 Int+3 Slay+2}
   (You found it in a labyrinth)

   [ring of slaying]

   It affects your strength (+2).
   It affects your intelligence (+3).
   It affects your accuracy and damage with ranged weapons and melee attacks
   (+2).
 X - an uncursed ring of protection from cold
Books
 c - a book of Conjurations

   Spells                             Type                      Level
   *Magic Dart                        Conjuration                  1
   *Searing Ray                       Conjuration                  2
   Dazzling Spray                     Conjuration/Hexes            3
   *Fulminant Prism                   Conjuration/Hexes            4
   *Iskenderun's Mystic Blast         Conjuration                  4
   *Iskenderun's Battlesphere         Conjuration/Charms           5
 d - a book of Clouds

   Spells                             Type                      Level
   Mephitic Cloud                     Conjuration/Poison/Air       3
   *Conjure Flame                     Conjuration/Fire             3
   Poisonous Cloud                    Conjuration/Poison/Air       6
   Freezing Cloud                     Conjuration/Ice/Air          6
   Ring of Flames                     Charms/Fire                  7
 k - a book of Envenomations

   Spells                             Type                      Level
   Spider Form                        Transmutation/Poison         3
   Alistair's Intoxication            Transmutation/Poison         4
   Olgreb's Toxic Radiance            Poison                       4
   Poisonous Cloud                    Conjuration/Poison/Air       6
 t - a book of Air

   Spells                             Type                      Level
   Shock                              Conjuration/Air              1
   Swiftness                          Charms/Air                   2
   *Repel Missiles                    Charms/Air                   2
   Flight                             Charms/Air                   3
   Static Discharge                   Conjuration/Air              3
   *Lightning Bolt                    Conjuration/Air              5
 y - a book of Necromancy

   Spells                             Type                      Level
   Pain                               Necromancy                   1
   Animate Skeleton                   Necromancy                   1
   Vampiric Draining                  Necromancy                   3
   Regeneration                       Charms/Necromancy            3
   *Animate Dead                      Necromancy                   4
   Control Undead                     Necromancy                   4
 C - a book of Alchemy

   Spells                             Type                      Level
   Sublimation of Blood               Necromancy                   2
   Alistair's Intoxication            Transmutation/Poison         4
   Condensation Shield                Ice                          4
   Petrify                            Transmutation/Earth          4
   Ignite Poison                      Fire/Transmutation           5
 N - Unlan's Catalogue of Burning Battle Magic
   (You found it in a labyrinth)

   Spells                             Type                      Level
   Flame Tongue                       Conjuration/Fire             1
   Throw Flame                        Conjuration/Fire             2
   Ignite Poison                      Fire/Transmutation           5
   Iron Shot                          Conjuration/Earth            6
 Z - a book of Maledictions

   Spells                             Type                      Level
   Corona                             Hexes                        1
   Sure Blade                         Hexes/Charms                 2
   Ensorcelled Hibernation            Hexes/Ice                    2
   Confuse                            Hexes                        3
   Dazzling Spray                     Conjuration/Hexes            3
   Enslavement                        Hexes                        4
Magical staves
 z - an uncursed staff of poison
 R - an uncursed staff of death
 T - an uncursed staff of air
Miscellaneous
 F - a stone of tremors
 Y - a phial of floods
Rods
 M - a +4 lightning rod (9/9)
   (You found it in a labyrinth)
 O - a +2 lightning rod (13/13)
   (You found it in a labyrinth)


   Skills:
 - Level 9.2 Fighting
 - Level 4.2 Armour
 - Level 7.8 Dodging
 - Level 1.5 Stealth
 - Level 6.0 Shields
 + Level 10.6 Spellcasting
 - Level 11.0 Conjurations
 - Level 4.0 Hexes
 - Level 9.0 Charms
 - Level 7.1 Necromancy
 - Level 4.0 Invocations


You had 4 spell levels left.
You knew the following spells:

 Your Spells              Type           Power        Failure   Level  Hunger
a - Magic Dart            Conj           ####         1%          1    N/A
b - Searing Ray           Conj           ######       1%          2    N/A
c - Iskenderun's Battles  Conj/Chrm      ######..     2%          5    N/A
d - Animate Dead          Necr           N/A          3%          4    N/A
e - Fulminant Prism       Conj/Hex       #####.....   2%          4    N/A
f - Conjure Flame         Conj/Fire      #####...     1%          3    N/A
g - Repel Missiles        Chrm/Air       ####..       1%          2    N/A
q - Iskenderun's Mystic   Conj           ######..     1%          4    N/A
w - Lightning Bolt        Conj/Air       #####.....   17%         5    N/A

Dungeon Overview and Level Annotations

Branches:
Dungeon (9/15)             Temple (1/1) D:4             Orc (4/4) D:9
    Elf (0/3) Orc:4          Lair (8/8) D:9          Shoals (0/5) Lair:6
 Spider (0/5) Lair:4        Slime (0/6) Lair:7

Altars:
Ashenzari
Cheibriados
Dithmenos
Elyvilon
Fedhas
Gozag
Kikubaaqudgha
Makhleb
Nemelex Xobeh
Okawaru
Qazlal
Sif Muna
Trog
Vehumet
Xom
Yredelemnul
Zin
The Shining One
Beogh

Shops:
D:5 [   D:9 [   Orc:1 *   Orc:4 :!(!

Annotations:
D:3 Natasha
D:8 Erolcha
Lair:1 Gastronok


Innate Abilities, Weirdness & Mutations

You do not eat or drink.
Your flesh is vulnerable to fire.
You are in touch with the powers of death.
You can restore your body by infusing magical energy.
Your flesh is cold resistant.
You are immune to negative energy.
Your system is resistant to poisons.
You are immune to unholy pain and torment.
You can survive without breathing.


Message History

The sixfirhy hits you but does no damage.
The sixfirhy barely misses you.
Read which item? (? for menu, Esc to quit)
Okay, then.
Casting: Iskenderun's Mystic Blast
Confirm with . or Enter, or press ? or * to list all spells.
Okay, then.
Read which item? (? for menu, Esc to quit)
Okay, then.
You can't drink.
Evoke which item? (* to show all) (? for menu, Esc to quit)
Zapping:
S - a wand of fire {zapped: 1}
Press: ? - help, Shift-Dir - straight line, f - sixfirhy
Aim: a sixfirhy (severely wounded, summoned)
The bolt of fire hits the sixfirhy.
You kill the sixfirhy!
The bolt of fire hits the sixfirhy.
The sixfirhy is moderately wounded.
The sixfirhy hits you!
You die...

#### ### ### ###..####.#######
######..##
##.....#....#.##(##.##......#.#
...............[<...........>..
............#..)[...##........#
.............#[#..###........#
..........#...#.).###...)...##
.........#...#..@###.#..#....#
.........#...#.4###.........## ..
........###.#.)[.##).......####..
.........#..................#....
.................#...............
......#.#...#..[.#...............
#..........###....#.#.#...#......
........#..###...####....#.......
#.[..............).#........<....


You could see a sixfirhy.

Vanquished Creatures
  Donald (Orc:3)
  A minotaur (Lab)
  Harold (Lair:4)
  8 hydras
  5 death yaks (Lair:8)
  2 orc high priests (Orc:4)
  An ogre mage (Volcano)
  A fire crab (Lair:8)
  An ice devil (Orc:4)
  5 orc knights
  A hill giant (Volcano)
  A wolf spider (Lair:8)
  2 griffons
  5 orc sorcerers (Orc:4)
  3 manticores
  4 elephants (Lair:7)
  2 sixfirhies (Orc:4)
  9 black mambas
  16 spiny frogs
  11 komodo dragons
  3 fire drakes
  A minotaur zombie (Lab)
  A troll (D:9)
  A boulder beetle (Lair:8)
  3 two-headed ogres (Volcano)
  Prince Ribbit (D:6)
  16 blink frogs
  A ynoxinul (Orc:4)
  The ghost of dadoka the Firebug, an average OpFE (D:4)
  2 basilisks (Lair:8)
  A redback (Lair:8)
  A trapdoor spider (Lair:8)
  2 shadows (Lab)
  2 spriggans
  20 yaks
  2 wyverns
  5 hungry ghosts
  Eustachio (Orc:1)
  A fire bat (Volcano)
  8 wolves
  15 hippogriffs
  14 water moccasins
  4 wargs
  A hell hound (Lair:8)
  12 porcupines
  An ice beast (D:7)
  2 black bears
  10 spiders
  9 ogres
  27 orc warriors
  2 yellow wasps (D:8)
  2 sky beasts
  2 centaurs
  Sigmund (D:6)
  Duvessa (D:9)
  12 crocodiles
  6 giant frogs
  A hippogriff zombie (D:7)
  2 scorpions
  5 killer bees (D:7)
  A goliath beetle (D:8)
  4 jellies
  Dowan (D:9)
  9 hounds
  2 lava snakes (Volcano)
  2 crimson imps
  A two-headed ogre zombie (Volcano)
  25 orc priests
  A giant frog skeleton (D:5)
  11 iguanas
  A centaur skeleton (D:6)
  A black bear skeleton (D:5)
  A porcupine zombie (Lair:6)
  24 orc wizards
  6 sheep
  3 worker ants
  A crocodile zombie (Lair:7)
  Ijyb (D:6)
  Terence (D:3)
  3 gnolls (D:4)
  27 adders
  35 green rats
  A shadow imp (D:8)
  5 giant mites
  4 worms
  An adder skeleton (D:6)
  An ooze (D:1)
  127 orcs
  A bat skeleton (D:4)
  5 giant cockroaches
  21 goblins
  20 hobgoblins
  12 quokkas
  3 ball pythons
  16 bats
  2 giant geckos
  8 giant newts
  A giant spore (D:9)
  2 gnoll zombies (D:3)
  10 jackals
  15 kobolds
  A kobold skeleton (D:6)
  7 orc zombies
  A quokka skeleton (D:4)
  11 rats
  A rat skeleton (D:5)
  4 ballistomycetes (D:9)
  A plant (Lair:4)
724 creatures vanquished.

Vanquished Creatures (collateral kills)
  A fire dragon (Lair:8)
  2 hydras (Lair:8)
  Nergalle (Lair:7)
  A catoblepas (Lair:7)
  2 wolf spiders (Lair:8)
  2 griffons
  4 elephants
  2 molten gargoyles (Volcano)
  6 black mambas
  A guardian serpent (Lair:8)
  3 spiny frogs
  2 komodo dragons
  A polar bear (Lair:6)
  3 blink frogs (Lair:4)
  A boulder beetle (Lair:8)
  A basilisk (Lair:8)
  4 wyverns
  5 hippogriffs
  7 yaks
  A hungry ghost (Lab)
  A wolf (Lair:6)
  13 water moccasins
  2 spiders (Lair:8)
  2 porcupines
  3 yellow wasps (Lair:8)
  A boring beetle (Lair:5)
  2 crocodiles
  A giant frog (Lair:6)
  A brain worm (Lair:5)
  An electric eel (Lair:7)
  A hound (Lair:5)
  3 worker ants (Lair:8)
  3 adders
  7 green rats
  2 orcs (Orc:3)
  2 spectral orcs (Lair:7)
  3 bushes
  2 fungi (Lair:8)
  8 plants
108 creatures vanquished.

Vanquished Creatures (others)
  A wolf spider zombie (Lair:8)
  A red wasp (Lair:8)
  2 death yak zombies (Lair:8)
  3 hydra zombies
  A red wasp zombie (Lair:8)
  5 black mamba zombies
  6 spiny frog zombies
  A manticore zombie (Lair:8)
  2 blink frog zombies (Lair:6)
  A fire drake zombie (Lair:8)
  2 komodo dragon zombies
  4 wyvern zombies (Lair:8)
  7 water moccasin zombies (Lair:8)
  A boulder beetle zombie (Lair:8)
  A spriggan zombie (Lair:8)
  5 hippogriff zombies (Lair:8)
  7 yak zombies
  A troll skeleton (Lab)
  A wolf zombie (Lair:6)
  A basilisk zombie (Lair:8)
  2 yellow wasp zombies (Lair:8)
  A hound (D:9)
  A porcupine zombie (Lair:7)
  An ogre zombie (Volcano)
  26 fulminant prisms
  3 adder zombies
  A hobgoblin (D:9)
  A goblin zombie (Orc:3)
  7 green rat zombies (Lair:7)
  26 orc zombies
  A quokka skeleton (Lair:6)
  30 bushes (Lair:8)
  20 fungi (Lair:8)
  15 plants (Lair:8)
188 creatures vanquished.

Grand Total: 1020 creatures vanquished

Notes
Turn   | Place    | Note
--------------------------------------------------------------
     0 | D:1      | KaKa, the Mummy Conjurer, began the quest for the Orb.
     0 | D:1      | Reached XP level 1. HP: 13/13 MP: 3/3
   453 | D:1      | Reached XP level 2. HP: 8/19 MP: 0/4
   458 | D:1      | Learned a level 2 spell: Searing Ray
  1256 | D:1      | Reached skill level 4 in Conjurations
  1514 | D:1      | Reached XP level 3. HP: 10/24 MP: 0/6
  2387 | D:2      | Reached XP level 4. HP: 30/30 MP: 3/7
  2913 | D:2      | Found a shattered altar of Ashenzari.
  3068 | D:3      | Reached skill level 5 in Conjurations
  3475 | D:3      | Noticed Terence
  3561 | D:3      | Killed Terence
  3561 | D:3      | Reached XP level 5. HP: 26/35 MP: 2/9
  3719 | D:3      | Noticed Natasha
  4154 | D:3      | Learned a level 5 spell: Iskenderun's Battlesphere
  4392 | D:3      | Found a basalt altar of Yredelemnul.
  4750 | D:4      | Found a sand-covered staircase.
  4757 | Ossuary  | Entered an ossuary
  4783 | D:4      | Noticed dadoka's ghost (average OpFE)
  4844 | D:4      | Reached skill level 6 in Conjurations
  4913 | D:4      | Killed dadoka's ghost
  4913 | D:4      | Reached XP level 6. HP: 41/41 MP: 1/10
  5399 | D:4      | Found a staircase to the Ecumenical Temple.
  5409 | Temple   | Entered the Ecumenical Temple
  5607 | D:4      | Reached XP level 7. HP: 43/46 MP: 7/12
  5670 | D:4      | Noticed an ogre
  5677 | D:4      | Killed an ogre
  5943 | D:4      | Noticed an ogre
  5953 | D:4      | Killed an ogre
  6008 | D:4      | Found a glowing silver altar of Zin.
  6193 | D:4      | Found a bloodstained altar of Trog.
  6306 | D:5      | Entered Level 5 of the Dungeon
  6833 | D:5      | Found Tupiluvy's Antique Armour Boutique.
  6854 | D:5      | Bought a pair of warped gloves for 199 gold pieces
  6860 | D:5      | Identified the +1 pair of gloves of Fror Uga {+Blink Int+2} (You bought it in a shop on level 5 of the Dungeon)
  7146 | D:6      | Reached XP level 8. HP: 42/52 MP: 10/19
  7303 | D:6      | Noticed Ijyb
  7313 | D:6      | Killed Ijyb
  7313 | D:6      | Reached skill level 5 in Spellcasting
  7547 | D:6      | Noticed Prince Ribbit
  7566 | D:6      | Killed Prince Ribbit
  7744 | D:6      | Reached skill level 7 in Conjurations
  7771 | D:6      | Noticed Sigmund
  7777 | D:6      | Killed Sigmund
  8074 | D:6      | Reached skill level 8 in Conjurations
  8788 | D:7      | Reached XP level 9. HP: 57/57 MP: 16/21
  8891 | D:7      | Reached skill level 9 in Conjurations
  9988 | D:8      | Found a shadowy altar of Dithmenos.
 10025 | D:8      | Reached skill level 10 in Conjurations
 10701 | D:8      | Reached skill level 5 in Charms
 11046 | D:8      | Noticed Erolcha
 11258 | D:8      | Found a snail-covered altar of Cheibriados.
 11627 | D:9      | Noticed a komodo dragon
 11662 | D:8      | Reached XP level 10. HP: 63/63 MP: 9/22
 11685 | D:9      | Found an opulent altar of Gozag.
 11685 | D:9      | Found a blossoming altar of Fedhas.
 11685 | D:9      | Found a burning altar of Makhleb.
 11685 | D:9      | Found a deep blue altar of Sif Muna.
 11685 | D:9      | Found an iron altar of Okawaru.
 11685 | D:9      | Noticed Duvessa
 11687 | D:9      | Noticed Dowan
 12026 | D:9      | Killed a komodo dragon
 12227 | D:9      | Found a staircase to the Lair.
 12252 | D:9      | Learned a level 4 spell: Animate Dead
 12257 | D:9      | Learned a level 4 spell: Fulminant Prism
 12385 | D:9      | Found a stormy altar of Qazlal.
 12606 | D:9      | Became a worshipper of Sif Muna the Loreminder
 12610 | D:9      | Killed Dowan
 12653 | D:9      | Acquired Sif Muna's first power
 12697 | D:9      | Got an ichor-stained robe
 12708 | D:9      | Identified the +0 robe of Jabror {Dex+4 Int+3} (You took it off Dowan on level 9 of the Dungeon)
 12756 | D:9      | Found Kleug's Armour Shoppe.
 12769 | D:9      | Killed Duvessa
 13005 | D:9      | Found a staircase to the Orcish Mines.
 13183 | D:9      | Noticed a komodo dragon
 13192 | D:9      | Killed a komodo dragon
 13384 | Lair:1   | Entered Level 1 of the Lair of Beasts
 13736 | Lair:1   | Acquired Sif Muna's second power
 14043 | Lair:1   | Noticed Gastronok
 14156 | Lair:2   | Reached XP level 11. HP: 60/68 MP: 4/23
 14211 | Lair:2   | Noticed a griffon
 14223 | Lair:2   | Killed a griffon
 14223 | Lair:2   | Reached skill level 11 in Conjurations
 14230 | Lair:2   | Noticed a black mamba
 14235 | Lair:2   | Killed a black mamba
 14235 | Lair:2   | Reached skill level 1 in Necromancy
 14265 | Lair:2   | Got a transparent long sword
 14266 | Lair:2   | Identified the cursed +3 long sword of Kismet {freeze, rC+} (You found it on level 2 of the Lair of Beasts)
 14289 | Lair:2   | Reached skill level 1 in Shields
 14291 | Lair:2   | Reached skill level 1 in Invocations
 14517 | Lair:2   | Noticed a black mamba
 14522 | Lair:2   | Killed a black mamba
 14716 | Lair:2   | Identified a scroll of acquirement
 15239 | Lair:3   | Reached skill level 5 in Shields
 15477 | Lair:3   | Reached skill level 1 in Hexes
 15704 | Lair:4   | Noticed Harold
 15916 | Lair:4   | Found a hole to the Spider Nest.
 15926 | Lair:4   | Reached XP level 12. HP: 74/74 MP: 13/24
 15943 | Lair:4   | Killed Harold
 16285 | Lair:4   | Got a jewelled morningstar
 16287 | Lair:4   | Identified the cursed +0 morningstar of the Grave {freeze, +Blink Stlth+} (You found it on level 4 of the Lair of Beasts)
 16383 | Lair:4   | Noticed an eight-headed hydra
 16469 | Lair:4   | Killed an eight-headed hydra
 16469 | Lair:4   | Reached skill level 5 in Necromancy
 16838 | Lair:4   | Acquired Sif Muna's third power
 17124 | Lair:5   | Noticed a seven-headed hydra
 17129 | Lair:5   | Killed a seven-headed hydra
 17194 | Lair:5   | Reached skill level 1 in Fighting
 17194 | Lair:5   | Reached skill level 1 in Armour
 17231 | Lair:5   | Found a labyrinth entrance.
 17262 | Lab      | Entered a labyrinth
 18401 | Lab      | Noticed a minotaur
 18408 | Lab      | Killed a minotaur
 18413 | Lab      | Got a warped bone ring
 18413 | Lab      | Identified Unlan's Catalogue of Burning Battle Magic
 18414 | Lab      | Got a faintly humming leather armour
 18434 | Lab      | Identified the +3 leather armour "Vyobymo" {Str-4} (You found it in a labyrinth)
 18591 | Lair:5   | Identified the ring "Kaqun" {Str+2 Int+3 Slay+2} (You found it in a labyrinth)
 19444 | Lair:6   | Reached XP level 13. HP: 82/88 MP: 14/25
 19674 | Lair:6   | Found a staircase to the Shoals.
 20242 | Lair:7   | Reached skill level 5 in Fighting
 20366 | Lair:7   | Reached skill level 5 in Dodging
 20489 | Lair:7   | Got a slimy flail
 20490 | Lair:7   | Identified the +9 flail "Rar Omn" {crush, rF++ rN+ SInv Stlth-} (You found it on level 7 of the Lair of Beasts)
 20650 | Lair:7   | Noticed Nergalle
 20668 | Lair:7   | Found a staircase to the Slime Pits.
 20669 | Lair:7   | Killed Nergalle
 21061 | Lair:8   | Entered Level 8 of the Lair of Beasts
 21646 | Lair:8   | Found a dark tunnel.
 21651 | Volcano  | Entered a volcano
 21753 | Volcano  | Learned a level 3 spell: Conjure Flame
 21774 | Volcano  | Found a radiant altar of Vehumet.
 21913 | Volcano  | Reached XP level 14. HP: 103/106 MP: 24/26
 23353 | Orc:1    | Entered Level 1 of the Orcish Mines
 23535 | Orc:1    | Found Skiapt's General Store.
 23544 | Orc:1    | Bought a scroll of acquirement for 728 gold pieces
 23856 | Orc:1    | Noticed Eustachio
 23937 | Orc:1    | Killed Eustachio
 24662 | Orc:4    | Entered Level 4 of the Orcish Mines
 24727 | Orc:4    | Found a staircase to the Elven Halls.
 24787 | Orc:4    | Found Ysad's Distillery.
 25031 | Orc:3    | Noticed Donald
 25040 | Orc:3    | Killed Donald
 25074 | Orc:3    | Learned a level 4 spell: Iskenderun's Mystic Blast
 25191 | Orc:3    | Found a roughly hewn altar of Beogh.
 25388 | Orc:4    | Reached skill level 10 in Spellcasting
 25391 | Orc:4    | Received a gift from Sif Muna
 25396 | Orc:4    | Learned a level 2 spell: Repel Missiles
 25711 | Orc:4    | Learned a level 5 spell: Lightning Bolt
 25753 | Orc:4    | Found Oqaomaig's Antique Weapon Shop.
 25753 | Orc:4    | Found Craept's Distillery.
 25777 | Orc:4    | Found Khimisae's Book Shoppe.
 25801 | Orc:4    | HP: 4/108 [sixfirhy[an orc high priest] (7)]
 25803 | Orc:4    | Slain by a sixfirhy

Action                   |  1- 3 |  4- 6 |  7- 9 | 10-12 | 13-15 || total
-------------------------+-------+-------+-------+-------+-------++-------
Melee: Dagger            |    16 |       |       |       |       ||    16
       Club              |     6 |       |       |       |       ||     6
       Short sword       |    40 |     8 |     1 |       |       ||    49
       War axe           |       |       |    10 |       |       ||    10
       Great sword       |       |       |     8 |    16 |       ||    24
       Long sword        |       |       |       |     6 |    10 ||    16
       Rod               |       |       |       |     1 |       ||     1
       Flail             |       |       |       |       |    39 ||    39
Throw: Stone             |     7 |    16 |     1 |       |       ||    24
       Javelin           |       |       |     1 |     4 |       ||     5
 Cast: Magic Dart        |   108 |   131 |   240 |   384 |   450 ||  1313
       Searing Ray       |       |    19 |    62 |    46 |    96 ||   223
       Iskenderun's Batt |       |       |     1 |    95 |   132 ||   228
       Fulminant Prism   |       |       |       |    12 |    14 ||    26
       Animate Dead      |       |       |       |    13 |    65 ||    78
       Conjure Flame     |       |       |       |       |     6 ||     6
       Iskenderun's Myst |       |       |       |       |    57 ||    57
       Lightning Bolt    |       |       |       |       |     5 ||     5
       Repel Missiles    |       |       |       |       |     1 ||     1
Invok: Channel Energy    |       |       |       |   400 |   766 ||  1166
Evoke: Wand              |       |       |     1 |     5 |     8 ||    14
       Rod               |       |       |       |     1 |       ||     1
       Phial of floods   |       |       |       |       |     1 ||     1
  Use: Scroll            |     4 |     3 |     8 |    12 |    11 ||    38
 Stab: Sleeping          |     1 |       |       |       |       ||     1
       Distracted        |       |       |       |     1 |     1 ||     2
